 Dungeon Crawl Stone Soup version 0.18.1-6-gd335043 (webtiles) character file.

3131 NoLuckNoSkill the Basher (level 9, -4/108 HPs)
             Began as a Demonspawn Chaos Knight on May 18, 2016.
             Killed from afar by a killer bee (13 damage)
             ... with an exploding inner flame
             ... hexed by the player character
             ... on level 7 of the Dungeon.
             The game lasted 00:18:11 (6572 turns).

NoLuckNoSkill the Basher (Demonspawn Chaos Knight)  Turns: 6572, Time: 00:18:11

Health: -4/108     AC: 24    Str: 16    XL:     9   Next: 61%
Magic:  0/9        EV:  2    Int: 13    God:    Xom [..*...]
Gold:   413        SH:  7    Dex: 13    Spells: 0 memorised, 8 levels left

rFire  . . .     SeeInvis .     a - +1 mace (chaos)
rCold  . . .     Gourm    .     (armour currently unavailable)
rNeg   + + +     Faith    .     m - +2 buckler
rPois  +         Spirit   +     (helmet currently unavailable)
rElec  .         Dismiss  .     (cloak currently unavailable)
rCorr  .         Reflect  .     (gloves currently unavailable)
SustAt .         Harm     .     (boots currently unavailable)
MR     .....     NoTele   +     (no amulet)
Stlth  +.........               (no ring)
                                p - ring of flight

@: lethally poisoned (-4 -> -17), tree-form, not resistant to hostile
enchantments, very unstealthy
A: (antennae 0), (iridescent scales 0), (fire resistance 0), magic shield, flame
cloud immunity
a: Renounce Religion


You were on level 7 of the Dungeon.
You worshipped Xom.
You were a toy of Xom.
You were not hungry.
You were a tree.
You visited 2 branches of the dungeon, and saw 8 of its levels.

You collected 413 gold pieces.

Inventory:

Hand Weapons
 a - a +1 mace of chaos (weapon)
 l - a +2 dire flail
Armour
 b - a +2 leather armour (melded)
 d - a +0 pair of boots (melded)
 m - a +2 buckler (worn)
 n - a +0 pair of gloves (melded)
Jewellery
 p - a ring of flight (left branch)
 t - an uncursed ring of fire
Wands
 x - a wand of slowing (13/48)
Scrolls
 g - 3 scrolls of identify
 i - 2 scrolls of remove curse
 j - a scroll of enchant weapon
 u - a scroll of amnesia
Potions
 h - 2 potions of invisibility
 w - a potion of resistance
Miscellaneous
 k - an ornate deck of summoning {drawn: 1}
Comestibles
 c - 2 bread rations
 f - 6 chunks of flesh
 q - a beef jerky
 r - 5 meat rations
 s - 4 fruits


   Skills:
 + Level 7.1 Fighting
 * Level 8.9 Maces & Flails
 + Level 3.0 Armour
 + Level 4.8 Dodging
 - Level 4.0 Shields


You had 8 spell levels left.
You didn't know any spells.

Dungeon Overview and Level Annotations

Branches:
Dungeon (7/15)             Temple (1/1) D:4

Altars:
Ashenzari
Cheibriados
Dithmenos
Elyvilon
Fedhas
Gozag
Kikubaaqudgha
Nemelex Xobeh
Okawaru
Pakellas
Qazlal
Ru
Sif Muna
Trog
Vehumet
Xom
Yredelemnul
Zin
The Shining One


Innate Abilities, Weirdness & Mutations

((You have a pair of small antennae on your head.))
((You are mostly covered in iridescent scales (AC +6).))
((Your flesh is heat resistant.))
When hurt, damage is shared between your health and your magic reserves.
You are immune to clouds of flame.


Message History

You kill the iron imp!
* * * LOW HITPOINT WARNING * * *
You feel sick.
The killer bee stings you but does no damage. x2
Unknown command.
You sock the killer bee! You burn the killer bee.
The killer bee explodes!
The fiery explosion engulfs the orc.
The orc explodes!
The fiery explosion engulfs the killer bee.
The killer bee explodes!
The fiery explosion engulfs the killer bee.
The killer bee explodes!
The fiery explosion engulfs the orc.
The orc explodes!
The fiery explosion engulfs the jelly.
The jelly explodes!
Your Armour skill increases to level 3!
The fiery explosion engulfs you!
You die...

##.....##.....
#.....# ##>.(
....... %#.
#....... #§ #§##
.. #§§# #.. #§#
#.# #§# #.#
########♣# #.#
#.....##.# #.# #.#
#.##.# #####.###)#
#.##.#
........(<###)##.#
#####.........##.#
#.(#########.#
##..# #.# ##...#
#.#


There were no monsters in sight!

Vanquished Creatures
  A water moccasin (D:5)
  An orc warrior (D:7)
  2 ice beasts
  3 ogres
  2 phantoms (D:5)
  A centaur (shapeshifter) (D:3)
  2 centaurs (D:5)
  Blork the orc (D:6)
  3 giant frogs (D:6)
  4 killer bees
  3 wights (D:6)
  A howler monkey (D:5)
  A centaur zombie (D:5)
  2 crimson imps (D:5)
  A giant frog zombie (D:7)
  2 jellies
  An orc priest (D:7)
  A giant frog skeleton (D:5)
  3 hounds
  Jessica (D:3)
  2 iguanas
  4 orc wizards
  8 worker ants
  A hound skeleton (D:6)
  A hound zombie (D:6)
  A howler monkey skeleton (D:4)
  3 gnolls (D:6)
  14 adders
  A river rat (D:2)
  4 shadow imps
  An adder zombie (D:7)
  4 worms
  4 dart slugs
  A giant gecko (D:5)
  19 orcs
  7 bats
  4 giant cockroaches
  6 goblins
  5 hobgoblins
  11 jackals
  6 quokkas
  4 giant newts
  10 kobolds
  A quokka skeleton (D:5)
  8 rats
166 creatures vanquished.

Vanquished Creatures (collateral kills)
  A hobgoblin (D:1)
1 creature vanquished.

Vanquished Creatures (others)
  The ghost of Bubs the Shield-Bearer, a novice FoFi of Qazlal (D:5)
  A hippogriff (D:7)
  An orc priest (D:7)
  A jackal (D:6)
4 creatures vanquished.

Grand Total: 171 creatures vanquished

Notes
Turn   | Place    | Note
--------------------------------------------------------------
     0 | D:1      | NoLuckNoSkill the Demonspawn Chaos Knight began the quest for the Orb.
     0 | D:1      | Reached XP level 1. HP: 18/18 MP: 1/1
    81 | D:1      | Found a shattered altar of Ashenzari.
   185 | D:1      | XOM: silly message
   270 | D:1      | Reached skill level 3 in Maces & Flails
   293 | D:1      | Gained mutation: You are partially covered in iridescent scales (AC +4). [demonic ancestry]
   293 | D:1      | Reached XP level 2. HP: 17/24 MP: 2/2
   476 | D:1      | XOM: harmless Fire miscast
   799 | D:2      | Gained mutation: When hurt, damage is shared between your health and your magic reserves. [demonic ancestry]
   799 | D:2      | Reached XP level 3. HP: 25/29 MP: 3/3
   877 | D:2      | You fall through a shaft!
   983 | D:2      | XOM: god gift: ornate deck of cards {god gift}
  1101 | D:2      | Found an opulent altar of Gozag.
  1101 | D:2      | Found a glowing silver altar of Zin.
  1281 | D:2      | Found a shadowy altar of Dithmenos.
  1291 | D:2      | XOM: divination: magic mapping
  1296 | D:2      | Gained mutation: You are mostly covered in iridescent scales (AC +6). [demonic ancestry]
  1296 | D:2      | Reached XP level 4. HP: 21/37 MP: 0/4
  1370 | D:2      | Reached skill level 4 in Maces & Flails
  1615 | D:3      | XOM: noise
  1666 | D:3      | XOM: cast spell 'Necromutation'
  2152 | D:3      | Gained mutation: Your flesh is heat resistant. [demonic ancestry]
  2152 | D:3      | Reached XP level 5. HP: 41/42 MP: 3/5
  2260 | D:3      | XOM: 8-stop teleportation journey
  2323 | D:3      | Noticed a naga
  2329 | D:3      | Noticed a centaur
  2329 | D:3      | a naga changed into a centaur
  2334 | D:3      | Killed a centaur
  2334 | D:3      | Reached skill level 5 in Maces & Flails
  2360 | D:3      | Noticed Jessica
  2373 | D:3      | Killed Jessica
  2373 | D:3      | Gained mutation: You are immune to clouds of flame. [demonic ancestry]
  2373 | D:3      | Reached XP level 6. HP: 21/49 MP: 4/6
  2389 | D:3      | XOM: vitrification
  2628 | D:3      | XOM: silly message
  2676 | D:3      | XOM: silly message
  2716 | D:4      | Reached skill level 1 in Dodging
  2752 | D:4      | XOM: potion effect (invisibility)
  2776 | D:4      | Found a staircase to the Ecumenical Temple.
  2784 | Temple   | Entered the Ecumenical Temple
  2826 | Temple   | XOM: mild Summ miscast
  2923 | Temple   | XOM: god gift: metallic orange potion
  3236 | D:4      | XOM: mild Ice miscast
  3397 | D:4      | Reached skill level 5 in Fighting
  3397 | D:4      | Reached skill level 1 in Shields
  3558 | D:4      | Found a snail-covered altar of Cheibriados.
  3591 | D:5      | Entered Level 5 of the Dungeon
  3620 | D:5      | Noticed Bubs's ghost (novice FoFi)
  3622 | D:5      | XOM: divination: detect items
  3625 | D:5      | XOM: potion effect (brilliance)
  3634 | D:5      | XOM: potion effect (haste)
  3635 | D:5      | XOM: divination: detect items
  3638 | D:5      | Banished Bubs's ghost
  3638 | D:5      | Reached skill level 6 in Maces & Flails
  3638 | D:5      | Reached XP level 7. HP: 51/56 MP: 5/7
  4020 | D:5      | Reached XP level 8. HP: 64/64 MP: 8/8
  4101 | D:5      | XOM: confuse monster(s)
  4236 | D:5      | XOM: potion effect (heal wounds)
  4237 | D:5      | Reached skill level 7 in Maces & Flails
  4285 | D:5      | XOM: divination: detect creatures
  4352 | D:5      | XOM: divination: magic mapping
  4410 | D:5      | XOM: smoke on damage
  4794 | D:5      | XOM: butterfly on damage
  5076 | D:6      | Noticed Blork the orc
  5091 | D:6      | Killed Blork the orc
  5244 | D:6      | Found a white marble altar of Elyvilon.
  5253 | D:6      | XOM: divination: magic mapping
  5357 | D:6      | You fall through a shaft!
  5357 | D:7      | Found a deep blue altar of Sif Muna.
  5357 | D:7      | Found a bloodstained altar of Trog.
  5357 | D:7      | Found an oddly glowing altar of Pakellas.
  5358 | D:7      | Found an iron altar of Okawaru.
  5364 | D:7      | XOM: mild Trmt miscast
  5365 | D:7      | Gained mutation: You have a pair of small antennae on your head. [demonic ancestry]
  5365 | D:7      | Reached XP level 9. HP: 65/71 MP: 9/9
  5373 | D:7      | Reached skill level 8 in Maces & Flails
  5467 | D:7      | XOM: potion effect (curing)
  5488 | D:7      | XOM: potion effect (invisibility)
  5816 | D:6      | XOM: colour smoke trail
  5899 | D:6      | Found a basalt altar of Yredelemnul.
  6027 | D:6      | XOM: harmless Trmt miscast
  6436 | D:7      | XOM: divination: detect items
  6553 | D:7      | XOM: summons friendly iron imp
  6559 | D:7      | XOM: noise
  6572 | D:7      | Killed from afar by a killer bee

Skill      XL: |  1  2  3  4  5  6  7  8  9 |
---------------+----------------------------+-----
Maces & Flails | 3 4 5 6 7 8 |  8.9
Fighting       | 4 5 6 7 |  7.1
Dodging        | 2 4 |  4.8
Shields        | 2 3 4 |  4.0
Armour         | 3 |  3.0

Action                   |  1- 3 |  4- 6 |  7- 9 || total
-------------------------+-------+-------+-------++-------
Melee: Mace              |   128 |   231 |   490 ||   849
Evoke: Deck              |     1 |       |       ||     1
       Wand              |       |       |     1 ||     1
  Use: Potion            |       |     1 |    13 ||    14
       Scroll            |       |       |     7 ||     7
 Stab: Sleeping          |     1 |     1 |     1 ||     3
       Confused          |       |     1 |     1 ||     2
       Petrifying        |       |     1 |     1 ||     2
       Paralysed         |       |     1 |     1 ||     2
       Invisible         |       |       |     6 ||     6
  Eat: Chunk             |     1 |     8 |    11 ||    20
Armor: Leather armour    |    78 |   135 |   219 ||   432
       Skin              |       |       |     9 ||     9
Dodge: Dodged            |    88 |   142 |   258 ||   488
Block: Buckler           |       |       |   108 ||   108
